 Dungeon Crawl Stone Soup version 0.29.0-7-g18a832c13a (webtiles) character file.

Game seed: 18229058176504912510

130 funkygono the Firebug (level 5, -3/28 HPs)
             Began as a Gargoyle Fire Elementalist on Aug 31, 2022.
             Killed from afar by Natasha (6 damage)
             ... with a magic dart
             ... on level 2 of the Dungeon.
             The game lasted 00:02:52 (1785 turns).

funkygono the Firebug (Gargoyle Fire Elementalist)  Turns: 1785, Time: 00:02:52

Health: -3/28      AC:  8    Str: 11    XL:     5   Next: 14%
Magic:  5/9        EV: 12    Int: 18    God:
Gold:   135        SH:  0    Dex: 10    Spells: 4/10 levels left

rFire   . . .      SeeInvis .   c - +0 whip
rCold   . . .      Faith    .   (no shield)
rNeg    + . .      Spirit   .   a - +0 robe
rPois   ∞          Reflect  .   u - +0 helmet
rElec   +          Harm     .   o - +0 cloak
rCorr   .          Rampage  .   (no gloves)
Will    .....                   (no boots)
Stlth   ++........              (no amulet)
HPRegen 0.09/turn               h - ring of flight
MPRegen 0.11/turn               (no ring)

@: flying
A: sickness immunity, AC +4, negative energy resistance 1, electricity
resistance, torment resistance 1, petrification resistance
a: no special abilities


You were on level 2 of the Dungeon.
You visited 1 branch of the dungeon, and saw 2 of its levels.

You collected 135 gold pieces.

Inventory:

Hand Weapons
 c - a +0 whip (weapon)
 d - a +0 mace
Armour
 a - a +0 robe (worn)
 j - a +0 leather armour
 o - a +0 cloak (worn)
 u - a +0 helmet (worn)
Jewellery
 h - a ring of flight (left hand)
Scrolls
 e - a scroll of acquirement {unknown}
 f - a scroll of vulnerability {unknown}
 g - a scroll of noise {unknown}
 i - a scroll of torment {unknown}
 k - a scroll of summoning {unknown}
 n - a scroll of amnesia {unknown}
 q - a scroll of teleportation {unknown}
 r - a scroll of identify {unknown}
Potions
 b - a potion of magic
 l - a potion of resistance {unknown}
 m - a potion of invisibility {unknown}
 p - a potion of ambrosia {unknown}
 s - a potion of lignification {unknown}
 t - a potion of attraction {unknown}


   Skills:
 + Level 0.6 Fighting
 + Level 0.3 Maces & Flails
 + Level 1.9 Dodging
 + Level 2.8 Stealth
 + Level 3.1 Spellcasting
 + Level 2.2 Conjurations
 + Level 3.9 Fire Magic


You had 4 spell levels left.
You knew the following spells:

 Your Spells              Type           Power      Damage    Failure   Level
a - Foxfire               Conj/Fire      52%        2x1d6     4%          1
b - Scorch                Fire           32%        2d7       4%          2
c - Conjure Flame         Conj/Fire      13%        6-21      14%         3

Your spell library contained the following spells:

 Spells                   Type           Power      Damage    Failure   Level
 Summon Small Mammal      Summ           8%         N/A       16%         1
 Inner Flame              Hex/Fire       9%         N/A       22%         3
 Flame Wave               Conj/Fire      13%        2d6       41%         4
 Call Canine Familiar     Summ           2%         N/A       43%         3
 Summon Guardian Golem    Hex/Summ       2%         N/A       43%         3


Dungeon Overview and Level Annotations

Branches:
Dungeon (2/15)

Altars:

Annotations:
D:2 1 runed translucent door, Crazy Yiuf, Natasha


Innate Abilities, Weirdness & Mutations

You are immune to sickness and miasma.
Your stone body is resilient. (AC +4)
You are immune to poison.
You resist negative energy. (rN+)
You are resistant to electric shocks. (rElec)
You are resistant to unholy torment.
You are immune to petrification.


Message History

Natasha claws you but does no damage.
You closely miss Natasha.
Natasha is almost dead.
Natasha is no longer more vulnerable to fire.
The shadow imp closely misses you. Natasha claws you but does no damage.
You barely miss Natasha.
Natasha is almost dead.
The shadow imp hits you but does no damage.
Natasha closely misses you.
You hit Natasha but do no damage.
Natasha is almost dead.
The shadow imp hits you but does no damage.
Natasha casts a spell at you. The magic dart hits you.
You hit Natasha but do no damage.
Natasha is almost dead.
Natasha mumbles some strange words.
The shadow imp gestures at you. Pain shoots through your body!
* * * LOW HITPOINT WARNING * * *
Casting: Foxfire (safe; 4% risk of failure)
Confirm with . or Enter, or press ? or * to list all spells.
You conjure some foxfire!
The shadow imp hits you.
* * * LOW HITPOINT WARNING * * *
Natasha claws you.
* * * LOW HITPOINT WARNING * * *
The crimson imp lashes its tail.
The crimson imp closely misses you.
Unknown command.
The foxfire hits Natasha.
You kill Natasha!
Natasha screams in fury as she dies!
The shadow imp disappears in a puff of smoke!
The crimson imp disappears in a puff of smoke!
You have reached level 5!
Your foxfire dissipates!
Natasha, Servant of Life and Death comes into view.
Natasha mewls in sadness.
Natasha casts a spell at you. The magic dart hits you.
You die...

.......##...................#....
.......##....#..#...........#...#
...............###...#....†...###
.......###..#......#.............
.......####.......h..#.#.......##
....................##.#.......##
........###.#......#...........##
..####..# #..#...................
#.# #..####.#..@................
#.# #..........<.....####..####.
#.####....#..####.....###..##....
#.......####.####..#..........##.
##.....## ##..#............#####.
#..#...# #......#.#>......##....
.....#.######..........>...#..###
#.####....###..>.....##........#
..# #.##............##........##


You could see Natasha.

Vanquished Creatures
  Natasha (twice) (D:2)
  Robin (D:2)
  2 adders (D:2)
  A worm (D:2)
  A dart slug (D:1)
  A ball python (D:1)
  3 endoplasms
  2 giant cockroaches (D:1)
  9 goblins (D:2)
  4 hobgoblins
  2 jackals (D:2)
  4 kobolds
  3 quokkas
  4 bats
  A frilled lizard (D:2)
  5 rats
45 creatures vanquished.

Vanquished Creatures (others)
  137 foxfires
137 creatures vanquished.

Grand Total: 182 creatures vanquished

Notes
Turn   | Place    | Note
-------+----------+-------------------------------------------
     0 | D:1      | funkygono the Gargoyle Fire Elementalist began the quest
                  | for the Orb.
     0 | D:1      | Reached XP level 1. HP: 10/10 MP: 3/3
   120 | D:1      | Reached XP level 2. HP: 11/15 MP: 1/5
   123 | D:1      | Learned a level 2 spell: Scorch
   409 | D:1      | Found a faded altar of an unknown god.
   776 | D:1      | Reached XP level 3. HP: 19/19 MP: 4/6
   780 | D:1      | Learned a level 3 spell: Conjure Flame
  1065 | D:2      | Found a runed translucent door.
  1066 | D:2      | Noticed Crazy Yiuf
  1202 | D:2      | Noticed Natasha
  1206 | D:2      | Killed Natasha
  1207 | D:2      | Reached XP level 4. HP: 24/24 MP: 2/8
  1365 | D:2      | Noticed Robin
  1460 | D:2      | Killed Robin
  1742 | D:2      | Noticed Natasha
  1755 | D:2      | HP: 1/24 [Natasha (5)]
  1756 | D:2      | Killed Natasha
  1757 | D:2      | Reached XP level 5. HP: 1/28 MP: 2/9
  1777 | D:2      | Noticed Natasha
  1785 | D:2      | Killed from afar by Natasha

Illustrated notes

Levels and vault maps discovered:
D:1:      ebering_hopf_link, layout_rooms, hellmonk_ecumenical_altar_blasted
D:2:      layout_rooms, minmay_misc_feat_more_columns, uniq_crazy_yiuf_cottage,
          uniq_natasha, uniq_robin

Skill      XL: |  1  2  3  4 |
---------------+-------------+-----
Spellcasting   | 3 |  3.1
Conjurations   | 2 |  2.2
Fighting       | |  0.6
Maces & Flails | |  0.3
Dodging        | |  1.9
Stealth        | |  2.8
Fire Magic     | |  3.9

Action                   |  1- 3 |  4- 6 || total
-------------------------+-------+-------++-------
Melee: Whip              |    26 |     6 ||    32
 Cast: Foxfire           |    56 |    23 ||    79
       Scorch            |       |     1 ||     1
Armor: Robe              |     9 |     4 ||    13
Dodge: Dodged            |    18 |     4 ||    22
